 Dungeon Crawl Stone Soup version 0.30-a0-305-g026cb31310 (webtiles) character file.

Game seed: 1749041836187158061

13 sleeves the Vexing (level 2, 0/16 HPs)
             Began as a Deep Elf Hexslinger on Oct 23, 2022.
             Slain by a jackal (2 damage)
             ... on level 1 of the Dungeon.
             The game lasted 00:00:49 (263 turns).

sleeves the Vexing (Deep Elf Hexslinger)             Turns: 263, Time: 00:00:50

Health: 0/16       AC:  2    Str:  7    XL:     2   Next: 24%
Magic:  3/6        EV: 12    Int: 17    God:
Gold:   0          SH:  0    Dex: 15    Spells: 3/4 levels left

rFire   . . .      SeeInvis .    a - +1 sling
rCold   . . .      Faith    .    (no shield)
rNeg    . . .      Spirit   .    c - +0 robe
rPois   .          Reflect  .    (no helmet)
rElec   .          Harm     .    (no cloak)
rCorr   .          Rampage  .    (no gloves)
Will    .....                    (no boots)
Stlth   +.........               (no amulet)
HPRegen 0.22/turn                (no ring)
MPRegen 0.10/turn                (no ring)

@: no status effects
A: no striking features
a: no special abilities


You were on level 1 of the Dungeon.
You visited 1 branch of the dungeon, and saw 1 of its levels.

Inventory:

Hand Weapons
 a - a +1 sling (weapon)
Armour
 c - a +0 robe (worn)
Scrolls
 b - a scroll of poison
 e - a scroll of teleportation {unknown}
 f - 3 scrolls of fear {unknown}
Potions
 d - a potion of might {unknown}


   Skills:
 - Level 0.7 Fighting
 + Level 3.4 Ranged Weapons
 - Level 2.4 Dodging
 - Level 1.5 Spellcasting
 + Level 4.5 Hexes


You had 3 spell levels left.
You knew the following spells:

 Your Spells              Type           Power      Damage    Failure   Level
a - Slow                  Hex            64%        N/A       3%          1

Your spell library contained the following spells:

 Spells                   Type           Power      Damage    Failure   Level
 Inner Flame              Hex/Fire       8%         N/A       24%         3
 Portal Projectile        Hex/Tloc       16%        N/A       24%         3
 Cause Fear               Hex            8%         N/A       30%         4


Dungeon Overview and Level Annotations

Branches:
Dungeon (1/15)

Altars:


Message History

Welcome, sleeves the Deep Elf Hexslinger.
It is said that the Orb of Zot exists deep within this dungeon.
Press ? for a list of commands and other information.
Found 7 stones.
Found a staircase leading out of the dungeon.
Unknown command.
You open the door.
There is an open door here.
Found a falchion.
Found a robe.
A hobgoblin comes into view.
A hobgoblin is nearby!
You shoot a sling bullet. The sling bullet hits the hobgoblin.
The hobgoblin shouts!
The hobgoblin is severely wounded.
You shoot a sling bullet.
The sling bullet completely misses the hobgoblin.
You shoot a sling bullet. The sling bullet hits the hobgoblin.
You kill the hobgoblin!
A dart slug comes into view.
An endoplasm comes into view.
There are monsters nearby!
There are monsters nearby!
You shoot a sling bullet. The endoplasm quivers.
The sling bullet hits the dart slug.
The dart slug is heavily wounded.
You shoot a sling bullet. The sling bullet hits the dart slug.
You kill the dart slug!
Your Ranged Weapons skill increases to level 3!
You shoot a sling bullet.
The sling bullet hits the endoplasm but does no damage.
You shoot a sling bullet. The sling bullet hits the endoplasm.
The endoplasm is severely wounded.
You shoot a sling bullet. The sling bullet hits the endoplasm.
You kill the endoplasm!
Found a spear and a robe.
You open the door.
There is an open door here.
You open the door.
There is an open door here.
As you open the door, it creaks loudly!
You open the door.
There is an open door here.
As you open the door, it creaks loudly!
You hear a shout!
A hobgoblin comes into view.
There is an open door here.
A hobgoblin is nearby!
A hobgoblin is nearby!
You shoot a sling bullet. The sling bullet hits the hobgoblin.
The hobgoblin is moderately wounded.
You shoot a sling bullet.
The sling bullet closely misses the hobgoblin.
You shoot a sling bullet. The sling bullet hits the hobgoblin.
The hobgoblin is heavily wounded.
You shoot a sling bullet. The sling bullet hits the hobgoblin.
You kill the hobgoblin!
Found a stone staircase leading down.
Found a stone staircase leading down.
A bat comes into view.
Found a fuming coppery potion and a short sword.
You shoot a sling bullet. The sling bullet hits the bat.
You kill the bat!
No target in view!
d - a fuming coppery potion
e - a scroll labelled UPOIBA MICE;
f - 3 scrolls labelled BUIV KEFI ETOI A hobgoblin comes into view.
The hobgoblin shouts!
There is a stone staircase leading down here.
You shoot a sling bullet. The sling bullet hits the hobgoblin.
The hobgoblin is severely wounded.
You shoot a sling bullet. The sling bullet hits the hobgoblin.
You kill the hobgoblin!
You have reached level 2!
A jackal comes into view.
Found a black potion.
A jackal is nearby!
A jackal is nearby!
You shoot a sling bullet. The sling bullet hits the jackal.
The jackal barks!
The jackal is severely wounded.
You hear a bark!
You shoot a sling bullet.
The sling bullet hits the jackal but does no damage.
The jackal is severely wounded.
You shoot a sling bullet. The sling bullet hits the jackal.
You kill the jackal!
A jackal comes into view.
You shoot a sling bullet.
The sling bullet barely misses the jackal.
The jackal barks!
You shoot a sling bullet.
The sling bullet closely misses the jackal.
A jackal comes into view.
You shoot a sling bullet.
The sling bullet hits the jackal but does no damage.
A jackal comes into view.
The jackal attacks as you move away! The jackal bites you.
The jackal barely misses you. The jackal attacks as you move away!
The jackal misses you.
The jackal barks!
The jackal bites you. The jackal attacks as you move away!
The jackal bites you. The jackal attacks as you move away!
The jackal bites you. x2
Casting: Slow (safe; 3% risk of failure)
Confirm with . or Enter, or press ? or * to list all spells.
Aiming: Slow (safe; 3% risk of failure)
Press: ? - help, Shift-Dir - straight line, f/p - jackal
Aim: a jackal (chance to affect: 67%)
The jackal struggles to resist.
The jackal closely misses you.
Casting: Slow (safe; 3% risk of failure)
Confirm with . or Enter, or press ? or * to list all spells.
Aiming: Slow (safe; 3% risk of failure)
Press: ? - help, Shift-Dir - straight line, f/p - jackal
Aim: a jackal (chance to affect: 67%)
The jackal struggles to resist.
The jackal barely misses you. The jackal bites you.
Casting: Slow (safe; 3% risk of failure)
Confirm with . or Enter, or press ? or * to list all spells.
Aiming: Slow (safe; 3% risk of failure)
Press: ? - help, Shift-Dir - straight line, f/p - jackal
Aim: a jackal (chance to affect: 67%)
The jackal struggles to resist.
The jackal barely misses you.
Aiming: Slow (safe; 3% risk of failure)
Press: ? - help, Q - select action, (/) - cycle Shift-Dir - straight line, f/p - jackal
Aim: a jackal (chance to affect: 67%)
The jackal seems to slow down.
The jackal bites you.
* * * LOW HITPOINT WARNING * * *
Casting: Slow (safe; 3% risk of failure)
Confirm with . or Enter, or press ? or * to list all spells.
You don't know that spell.
You shoot a sling bullet. The sling bullet hits the jackal.
The jackal is heavily wounded.
The jackal bites you.
* * * LOW HITPOINT WARNING * * *
You shoot a sling bullet.
The sling bullet barely misses the jackal.
The sling bullet hits the jackal.
The jackal is severely wounded.
The jackal bites you.
* * * LOW HITPOINT WARNING * * *
You shoot a sling bullet. The sling bullet misses the jackal.
The sling bullet barely misses the jackal.
The jackal bites you.
* * * LOW HITPOINT WARNING * * *
You shoot a sling bullet. The sling bullet hits the jackal.
The jackal is almost dead.
The jackal bites you but does no damage.
You shoot a sling bullet.
The sling bullet barely misses the jackal.
The sling bullet hits the jackal but does no damage.
The jackal is severely wounded.
The jackal completely misses you.
You shoot a sling bullet.
The sling bullet barely misses the jackal.
The sling bullet hits the jackal.
You kill the jackal!
The jackal misses you.
You shoot a sling bullet.
The sling bullet barely misses the jackal.
The sling bullet hits the jackal but does no damage.
The jackal bites you.
* * * LOW HITPOINT WARNING * * *
You shoot a sling bullet.
The sling bullet closely misses the jackal.
The sling bullet hits the jackal.
You kill the jackal!
The jackal is no longer moving slowly.
The jackal misses you.
You shoot a sling bullet.
The sling bullet barely misses the jackal.
The jackal closely misses you. The jackal barely misses you.
You shoot a sling bullet.
The sling bullet barely misses the jackal.
The jackal closely misses you. The jackal bites you.
You die...

....#.#..######.#
..............#.#
..............#.#
......#....####.##
......#..........#
###...##..#.##..##
.................#
##..#######.#.####
. ........†h@# ##
......#..###
#######..# #.h#
#..# #..# #..#
.h......#
#######.#


You could see a jackal.

Vanquished Creatures
  A dart slug (D:1)
  An endoplasm (D:1)
  3 hobgoblins (D:1)
  3 jackals (D:1)
  A bat (D:1)
9 creatures vanquished.

Notes
Turn   | Place    | Note
-------+----------+-------------------------------------------
     0 | D:1      | sleeves the Deep Elf Hexslinger began the quest for the
                  | Orb.
     0 | D:1      | Reached XP level 1. HP: 11/11 MP: 5/5
    33 | D:1      | Reached skill level 3 in Ranged Weapons
   210 | D:1      | Reached XP level 2. HP: 16/16 MP: 6/6
   253 | D:1      | HP: 7/16 [jackal (3)]
   255 | D:1      | HP: 3/16 [jackal (3)]
   260 | D:1      | HP: 1/16 [jackal (2)]
   263 | D:1      | Slain by a jackal

Illustrated notes

Levels and vault maps discovered:
D:1:      mushboom_english_gardens, layout_basic

Skill      XL: |  1 |
---------------+----+-----
Ranged Weapons | 3 |  3.4
Fighting       | |  0.7
Dodging        | |  2.4
Spellcasting   | |  1.5
Hexes          | |  4.5

Action                   || total
-------------------------++-------
 Fire: Sling             ||    31
 Cast: Slow              ||     4
Armor: Robe              ||     1
Dodge: Dodged            ||    11

Table legend: (Time is in decaauts)
 A = Elapsed time spent in this place.
 B = Non-inter-level travel time spent in this place.
 C = Inter-level travel time spent in this place.
 D = Time resting spent in this place.
 E = Time spent auto-exploring this place.
 F = Levels seen in this place.
 G = Mean time per level.
                   A        B        C        D        E       F      G
               +--------+--------+--------+--------+--------+-----+--------+
         Total |    269 |    269 |      0 |      0 |    207 |   1 |  269.0 |
       Dungeon |    269 |    269 |      0 |      0 |    207 |   1 |  269.0 |
               +--------+--------+--------+--------+--------+-----+--------+

Top non-repeatable levels by time:
     D:1: 269 daAuts
